 Dungeon Crawl Stone Soup version 0.26-a0-962-g9b92081034 (webtiles) character file.

Game seed: 16572310953011695831

7943 Ijustatesigmund the Cleaver (level 11, -18/88 HPs)
             Began as an Octopode Fighter on Dec 2, 2020.
             Was a Follower of Cheibriados.
             Demolished by a balrug
             ... wielding a +0 demon whip
              (37 damage)
             ... in a Gauntlet.
             The game lasted 00:22:37 (10857 turns).

Ijustatesigmund the Cleaver (Octopode Fighter)     Turns: 10857, Time: 00:22:38

Health: -18/88     AC:  3    Str: 24    XL:     11   Next: 23%
Magic:  14/14      EV: 16    Int: 16    God:    Cheibriados [*.....]
Gold:   475        SH: 13    Dex: 16    Spells: 10/10 levels left

rFire    . . .     SeeInvis +   a - +3 war axe (vorpal)
rCold    . . .     Faith    .   b - +2 kite shield
rNeg     . . .     Spirit   .   (helmet restricted)
rPois    .         Reflect  .   i - amulet of regeneration
rElec    .         Harm     .   j - ring of see invisible
rCorr    .         Rampage  .   w - +6 ring of strength
MR       +....     NoTele   +   B - ring of protection from magic
Stlth    +.........             D - ring of wizardry
HPRegen  0.64/turn              (no ring)
MPRegen  0.14/turn              (no ring)
                                (no ring)
                                (no ring)

@: mighty, liquid flames, glowing, studying Throwing, very slow
A: almost no armour, stealthy swim, amphibious, 8 rings, constrict 8, thin
metallic scales 1, camouflage 1, robust 1, gelatinous body 1, MP-powered wands
a: Bend Time, Renounce Religion


You were in a Gauntlet.
You worshipped Cheibriados.
Cheibriados was aware of your devotion.
You visited 2 branches of the dungeon, and saw 12 of its levels.
You also visited: Ossuary and Gauntlet.

You collected 475 gold pieces.

Inventory:

Hand Weapons
 a - a +3 vorpal war axe (weapon)
 u - a +0 eveningstar
Missiles
 l - 46 poisoned darts (quivered)
 m - a throwing net
Armour
 b - a +2 kite shield (worn)
Jewellery
 i - an amulet of regeneration (around mantle)
 j - a ring of see invisible (left tentacle)
 w - a +6 ring of strength (right tentacle)
 B - a ring of protection from magic (on tentacle)
 D - a ring of wizardry (on tentacle)
Wands
 C - a wand of acid (5)
Scrolls
 d - a scroll of magic mapping
 f - 5 scrolls of teleportation
 k - 3 scrolls of remove curse
 t - 3 scrolls of fear
 v - 5 scrolls of amnesia
 A - 2 scrolls of identify
Potions
 c - a potion of might
 e - 2 potions of lignification
 g - 2 potions of attraction
 h - 6 potions of curing
 p - a potion of ambrosia
 r - a potion of flight
 z - a potion of brilliance
Books
 s - a manual of Throwing


   Skills:
 + Level 9.4 Fighting
 + Level 10.0 Axes
 - Level 6.4 Throwing
 - Level 6.9 Dodging
 - Level 6.8 Shields
 + Level 4.7 Invocations


You had 10 spell levels left.
You didn't know any spells.
Your spell library was empty.

Dungeon Overview and Level Annotations

Branches:
Dungeon (11/15)            Temple (1/1) D:7            Lair (0/6) D:11
    Orc (0/2) D:11        Ossuary (visited)         Gauntlet (1/1)

Altars:
Ashenzari
Cheibriados
Dithmenos
Elyvilon
Fedhas
Gozag
Hepliaklqana
Kikubaaqudgha
Makhleb
Nemelex Xobeh
Okawaru
Qazlal
Ru
Sif Muna
Trog
Uskayaw
Vehumet
Wu Jian
Xom
Yredelemnul
Zin
The Shining One

Shops:
D:5 =

Annotations:
Gauntlet 7 transporters, 15 runed translucent doors, exclusion: orange crystal statue


Innate Abilities, Weirdness & Mutations

You cannot wear most types of armour.
You are very stealthy in the water. (Stealth+)
You are amphibious.
You can wear up to eight rings at the same time.
You can use your tentacles to constrict eight enemies at once.
Your skin changes colour to match your surroundings (Stealth+).
Your rubbery body absorbs attacks. (AC +1, EV +1)
You are partially covered in thin metallic scales. (AC +2)
You are robust. (+10% HP)
You expend magic power (3 MP) to strengthen your wands.


Message History

Press: ? - help, Dir - move target
As you read the scroll of blinking, it crumbles to dust.
You are covered in liquid flames!
Marking area around an orange crystal statue as unsafe for travelling.
Found a coiled granite ring, 21 gold pieces and a scroll of fear.
Found a gate leading back out of this place.
Found a transporter.
Okay, then.
You feel much better.
You are covered in liquid flames!
You are covered in liquid flames!
The balrug gestures at you. The sticky flame hits you!
You are covered in liquid flames!
You are covered in liquid flames!
* * * LOW HITPOINT WARNING * * *
You are covered in liquid flames!
* * * LOW HITPOINT WARNING * * *
The balrug hits you with a +0 demon whip!!!
You die...

8.####.#..8..#.#..
..#..#..=$©?...#..
8.#..###########..
..#≈.............≈
8.#∩............≈8
..#≈.............≈ ....
8.#..###########...## ####
..#..##..2@!#.##...##. ....
8.####..#..#.###...#.# ....
....©##.####..##...#.. ...#
8.####...####.##.###t..#.#.
..#..##.########.#©#©...#©.
8 #..#.#..#..#.#.#.#...#.#.
#..##.#..##.©#.#.#[.#...#
#..#.#..#.##.#.#.#.#.....
#..#..#.##..##.#.##.....b


You could see a balrug (strong) and an orange crystal statue.

Vanquished Creatures
  An unseen horror (D:11)
  A troll (D:10)
  A hornet (D:8)
  Grinder (D:3)
  3 shadows (Gauntlet)
  3 yaks (D:11)
  Menkaure (D:4)
  2 swamp worms (Gauntlet)
  A water moccasin (D:5)
  5 orc warriors
  A black bear (D:7)
  4 phantoms
  5 sky beasts
  2 ice beasts
  5 ogres
  2 centaurs
  10 bullfrogs
  4 water moccasin zombies (Ossuary)
  2 scorpions
  6 killer bees (D:10)
  4 wights (D:11)
  A bullfrog zombie (D:5)
  9 hounds
  4 jellies
  10 orc priests
  A gnoll shaman (D:4)
  11 orc wizards
  A bullfrog skeleton (D:8)
  A centaur skeleton (D:4)
  3 iguanas
  Terence (D:3)
  Ijyb (D:3)
  7 worker ants
  A killer bee zombie (D:10)
  3 big kobold zombies (Ossuary)
  A hound skeleton (D:8)
  3 mummies
  A worker ant zombie (D:7)
  9 gnolls
  18 adders
  A shadow imp (D:5)
  2 white imps
  An ufetubus (D:8)
  2 oozes
  2 adder skeletons (D:6)
  6 adder zombies
  7 dart slugs
  6 leopard geckos
  37 orcs
  9 bats
  5 giant cockroaches
  4 goblins
  8 hobgoblins
  8 jackals
  10 kobolds
  7 quokkas
  6 frilled lizards
  A gnoll zombie (Ossuary)
  4 hobgoblin zombies (Ossuary)
  8 kobold zombies (Ossuary)
  A leopard gecko zombie (D:5)
  4 orc zombies (Ossuary)
  2 quokka skeletons (D:5)
  A quokka zombie (D:5)
  9 rats
301 creatures vanquished.

Vanquished Creatures (others)
  An orc wizard (D:8)
  2 demonic plants (Gauntlet)
3 creatures vanquished.

Grand Total: 304 creatures vanquished

Notes
Turn   | Place    | Note
-------+----------+-------------------------------------------
     0 | D:1      | Ijustatesigmund the Octopode Fighter began the quest for
                  | the Orb.
     0 | D:1      | Reached XP level 1. HP: 16/16 MP: 1/1
   242 | D:1      | Reached XP level 2. HP: 21/21 MP: 2/2
   387 | D:1      | Reached skill level 3 in Axes
   478 | D:1      | Reached XP level 3. HP: 26/26 MP: 3/3
   935 | D:2      | Reached skill level 4 in Axes
   935 | D:2      | Reached XP level 4. HP: 28/31 MP: 4/4
  1061 | D:2      | Gained mutation: You are partially covered in thin metallic
                  | scales. (AC +2) [potion of mutation]
  1061 | D:2      | Gained mutation: You expend magic power (3 MP) to
                  | strengthen your wands. [potion of mutation]
  1061 | D:2      | Gained mutation: You are robust. (+10% HP) [potion of
                  | mutation]
  1067 | D:2      | Found a white marble altar of Elyvilon.
  1343 | D:3      | Noticed Grinder
  1353 | D:3      | Killed Grinder
  1354 | D:3      | Reached skill level 5 in Axes
  1354 | D:3      | Reached XP level 5. HP: 40/40 MP: 5/5
  1354 | D:3      | Reached XP level 6. HP: 47/47 MP: 6/6
  1458 | D:3      | Noticed Ijyb
  1462 | D:3      | Killed Ijyb
  1873 | D:3      | Noticed Terence
  1881 | D:3      | Killed Terence
  1916 | D:3      | Reached skill level 6 in Axes
  2093 | D:4      | Reached XP level 7. HP: 53/53 MP: 7/7
  2272 | D:4      | Reached skill level 5 in Fighting
  2928 | D:4      | Noticed Menkaure
  2936 | D:4      | Killed Menkaure
  2937 | D:4      | Reached XP level 8. HP: 17/62 MP: 8/8
  3448 | D:5      | Entered Level 5 of the Dungeon
  3483 | D:5      | Reached skill level 7 in Axes
  3602 | D:5      | Found Igaomadd's Jewellery Shop.
  4976 | D:6      | Reached skill level 5 in Dodging
  4976 | D:6      | Reached skill level 5 in Shields
  4981 | D:6      | Reached XP level 9. HP: 40/69 MP: 9/9
  5401 | D:6      | Reached skill level 8 in Axes
  5473 | D:6      | Identified a scroll of acquirement
  5473 | D:6      | Acquired a manual of Throwing
  5846 | D:7      | Found a staircase to the Ecumenical Temple.
  5853 | Temple   | Entered the Ecumenical Temple
  6619 | D:7      | Reached skill level 5 in Throwing
  7457 | D:8      | Reached XP level 10. HP: 67/78 MP: 10/10
  7578 | D:8      | Found a sand-covered staircase.
  7587 | Ossuary  | Entered an ossuary
  9058 | D:9      | Reached skill level 9 in Axes
  9299 | Temple   | Became a worshipper of Cheibriados the Contemplative
  9384 | D:10     | Entered Level 10 of the Dungeon
  9435 | D:10     | Reached skill level 1 in Invocations
 10073 | D:10     | Reached * piety under Cheibriados
 10416 | D:11     | Noticed an unseen horror
 10423 | D:11     | Killed an unseen horror
 10424 | D:11     | Reached XP level 11. HP: 88/88 MP: 11/13
 10492 | D:11     | Found a gate leading to a gauntlet.
 10504 | Gauntlet | Entered a Gauntlet
 10504 | Gauntlet | Found a transporter.
 10504 | Gauntlet | Found a transporter.
 10504 | Gauntlet | Found a large runed translucent door.
 10504 | Gauntlet | Found a large runed translucent door.
 10504 | Gauntlet | Found a large runed translucent door.
 10504 | Gauntlet | Found a large runed translucent door.
 10504 | Gauntlet | Found a large runed translucent door.
 10504 | Gauntlet | Found a large runed translucent door.
 10504 | Gauntlet | Found a runed translucent door.
 10504 | Gauntlet | Found a runed translucent door.
 10504 | Gauntlet | Found a large runed translucent door.
 10504 | Gauntlet | Found a large runed translucent door.
 10504 | Gauntlet | Found a large runed translucent door.
 10504 | Gauntlet | Found a large runed translucent door.
 10504 | Gauntlet | Found a large runed translucent door.
 10504 | Gauntlet | Found a large runed translucent door.
 10508 | Gauntlet | Found a large runed translucent door.
 10508 | Gauntlet | Found a large runed translucent door.
 10509 | Gauntlet | Found a runed translucent gate.
 10509 | Gauntlet | Found a runed translucent gate.
 10509 | Gauntlet | Found a runed translucent gate.
 10511 | Gauntlet | Found a transporter.
 10522 | Gauntlet | Found a large runed translucent door.
 10523 | Gauntlet | Found a large runed translucent door.
 10529 | Gauntlet | Found a transporter.
 10534 | Gauntlet | Noticed a fire crab
 10551 | Gauntlet | Found a transporter.
 10567 | Gauntlet | Found a transporter.
 10569 | Gauntlet | Noticed a balrug
 10662 | Gauntlet | Found a transporter.
 10675 | Gauntlet | Found a transporter.
 10680 | Gauntlet | Noticed a necromancer
 10680 | Gauntlet | Noticed a spectral death yak
 10737 | Gauntlet | Found a transporter.
 10771 | Gauntlet | Reached skill level 10 in Axes
 10831 | Gauntlet | Found a transporter.
 10842 | Gauntlet | Found a transporter.
 10853 | Gauntlet | Found a transporter.
 10853 | Gauntlet | Noticed an orange crystal statue
 10857 | Gauntlet | Demolished by a balrug

Illustrated notes

Levels and vault maps discovered:
D:1:      arrival_zaba_pyramid, layout_loops_ring, minmay_3d_cube
D:2:      layout_rooms, old_standard_altar
D:3:      layout_loops_cross, uniq_terence, uniq_grinder, uniq_ijyb
D:4:      layout_layer_cave, hangedman_minor_gate_pass, uniq_menkaure
D:5:      layout_layer_cave, serial_shops, nicolae_shop_crystal
D:6:      layout_basic
D:7:      layout_basic, temple_green
D:8:      layout_rooms, gup_ossuary_entry_pyramid
D:9:      layout_irregular_city
D:10:     layout_basic, grunt_decor_one_mirror, minivault_27
D:11:     layout_roguey, lair_entry_dummy, david_orc_3, special_room
          [special_room_orc], gauntlet_entry_generic, grunt_ministairs_4,
          nicolae_water_bricks
Temple:   nicolae_temple_the_god_donut
Gauntlet: gammafunk_gauntlet_branching [gammafunk_gauntlet_arena_chambers,
          minmay_gauntlet_arena_make_your_own_arena,
          gammafunk_gauntlet_arena_open, nicolae_gauntlet_swirl,
          nicolae_gauntlet_arena_x, nicolae_gauntlet_arena_blocks,
          gammafunk_gauntlet_arena_split_x, gammafunk_gauntlet_arena_mazey,
          gauntlet_exit_watery]

Skill      XL: |  1  2  3  4  5  6  7  8  9 10 11 |
---------------+----------------------------------+-----
Axes           | 3 4 5 6 7 8 9 10 | 10.0
Fighting       | 4 5 6 7 9 |  9.4
Dodging        | 5 6 |  6.9
Shields        | 5 6 |  6.8
Throwing       | 6 |  6.4
Invocations    | 3 4 |  4.7

Action                   |  1- 3 |  4- 6 |  7- 9 | 10-12 || total
-------------------------+-------+-------+-------+-------++-------
Melee: War axe           |    47 |    82 |   274 |   261 ||   664
       Constrict         |    19 |    20 |    58 |    68 ||   165
       Tentacles         |    14 |    19 |    62 |    74 ||   169
Throw: Dart              |       |     2 |    25 |     9 ||    36
Evoke: Wand              |       |       |     3 |       ||     3
  Use: Scroll            |       |    11 |     9 |    12 ||    32
       Potion            |       |     3 |     2 |     5 ||    10
 Stab: Sleeping          |    11 |     9 |     9 |     9 ||    38
       Distracted        |       |     1 |     1 |     1 ||     3
Armor: Skin              |     3 |     4 |    24 |    10 ||    41
Dodge: Dodged            |    19 |    26 |   110 |   115 ||   270
Block: Kite shield       |     8 |    29 |   135 |   130 ||   302

Table legend: (Time is in decaauts)
 A = Elapsed time spent in this place.
 B = Non-inter-level travel time spent in this place.
 C = Inter-level travel time spent in this place.
 D = Time resting spent in this place.
 E = Time spent auto-exploring this place.
 F = Levels seen in this place.
 G = Mean time per level.
                   A        B        C        D        E       F      G
               +--------+--------+--------+--------+--------+-----+--------+
         Total |  11470 |  10872 |    598 |   1041 |   7477 |  14 |  819.3 |
       Dungeon |  10083 |   9561 |    522 |   1041 |   6687 |  11 |  916.6 |
        Temple |    720 |    645 |     75 |      0 |    644 |   1 |  720.0 |
       Ossuary |    197 |    197 |      0 |      0 |    102 |   1 |  197.0 |
      Gauntlet |    469 |    469 |      0 |      0 |     43 |   1 |  469.0 |
               +--------+--------+--------+--------+--------+-----+--------+

Top non-repeatable levels by time:
     D:5: 1462 daAuts
     D:4: 1382 daAuts
    D:10: 1329 daAuts
     D:6: 1157 daAuts
     D:8: 919 daAuts
     D:1: 910 daAuts
     D:7: 892 daAuts
     D:3: 765 daAuts
  Temple: 720 daAuts
     D:9: 699 daAuts
Gauntlet: 469 daAuts
     D:2: 455 daAuts
 Ossuary: 197 daAuts
    D:11: 109 daAuts
